 Dungeon Crawl Stone Soup version 0.25.1-2-g60ff931df9 (webtiles) character file.

Game seed: 10694502457664345176

6340 Luthien the Thaumaturge (level 10, 0/60 HPs)
             Began as a Deep Elf Conjurer on Sept 5, 2020.
             Was a Believer of Vehumet.
             Slain by a two-headed ogre
             ... wielding a +0 giant club
              (20 damage)
             ... on level 9 of the Dungeon.
             The game lasted 00:40:21 (13376 turns).

Luthien the Thaumaturge (Deep Elf Conjurer)        Turns: 13376, Time: 00:40:25

Health: 0/60       AC:  3    Str:  5    XL:     10   Next: 64%
Magic:  7/25       EV: 13    Int: 24    God:    Vehumet [**....]
Gold:   687        SH: 10    Dex: 15    Spells: 13/28 levels left

rFire    + . .     SeeInvis .   P - +3 hand axe
rCold    + . .     Gourm    .   N - +0 buckler
rNeg     . . .     Faith    .   i - +0 leather armour
rPois    +         Spirit   .   (no helmet)
rElec    .         Reflect  +   n - scarf {rC+ rF+}
rCorr    .         Harm     .   (no gloves)
MR       ++...                  (no boots)
Stlth    +++.......             B - amulet of reflection
HPRegen  0.20/turn              G - ring of protection from magic
MPRegen  0.19/turn              E - ring of poison resistance

@: very slightly contaminated
A: no striking features
a: Renounce Religion


You were on level 9 of the Dungeon.
You worshipped Vehumet.
Vehumet was pleased with you.
You were not hungry.

You visited 2 branches of the dungeon, and saw 10 of its levels.

You collected 687 gold pieces.

Inventory:

Hand Weapons
 g - a +0 whip
 P - a +3 hand axe (weapon)
Missiles
 b - 83 poisoned darts (quivered)
 e - 341 stones
 z - 78 bolts
 H - 96 arrows
 J - a throwing net
Armour
 a - a +0 robe
 i - a +0 leather armour (worn)
 k - a +0 kite shield
 n - a scarf of resistance (worn)
 N - a +0 buckler (worn)
Magical Staves
 I - an uncursed staff of cold
Jewellery
 o - an uncursed ring of positive energy
 B - an amulet of reflection (around neck)
 E - a ring of poison resistance (right hand)
 G - a ring of protection from magic (left hand)
Wands
 M - a wand of random effects (14)
Scrolls
 d - a scroll of magic mapping {unknown}
 f - 4 scrolls of teleportation {unknown}
 h - 11 scrolls of identify {unknown}
 q - 4 scrolls of remove curse {unknown}
 r - a scroll of immolation {unknown}
 v - 2 scrolls of blinking {unknown}
 x - a scroll of enchant weapon {unknown}
 y - 3 scrolls of noise {unknown}
 C - a scroll of random uselessness {unknown}
 D - a scroll of fog {unknown}
 O - a scroll of fear {unknown}
Potions
 j - a potion of degeneration {unknown}
 l - 3 potions of curing
 m - a potion of flight {unknown}
 p - 3 potions of brilliance {unknown}
 s - a potion of stabbing {unknown}
 t - 2 potions of heal wounds {unknown}
 u - 3 potions of might {unknown}
 w - 2 potions of haste {unknown}
 A - a potion of berserk rage {unknown}
 F - a potion of lignification {unknown}
 K - 2 potions of mutation {unknown}
Comestibles
 c - 11 rations


   Skills:
 - Level 5.8 Fighting
 - Level 4.0 Dodging
 - Level 5.0 Stealth
 - Level 4.0 Shields
 - Level 9.9 Spellcasting
 - Level 9.1 Conjurations
 - Level 6.0 Hexes
 - Level 7.0 Charms
 - Level 4.0 Translocations
 * Level 1.4 Fire Magic


You had 13 spell levels left.
You knew the following spells:

 Your Spells              Type           Power        Failure   Level  Hunger
a - Magic Dart            Conj           ####         1%          1    None
b - Searing Ray           Conj           ######       1%          2    None
i - Iskenderun's Mystic   Conj/Tloc      #####...     6%          4    #......
p - Fulminant Prism       Conj/Hex       #####.....   4%          4    #......
A - Ozocubu's Armour      Chrm/Ice       ####....     6%          3    None
B - Foxfire               Conj/Fire      ####         1%          1    None

Your spell library contained the following spells:

 Spells                   Type           Power        Failure   Level  Hunger
 Infusion                 Chrm           ####         1%          1    None
 Shroud of Golubria       Chrm/Tloc      #####.       1%          2    None
 Song of Slaying          Chrm           #####...     1%          2    None
 Dazzling Flash           Conj/Hex       #####.       1%          3    None
 Spectral Weapon          Hex/Chrm       #####...     1%          3    None


Dungeon Overview and Level Annotations

Branches:
Dungeon (9/15)             Temple (1/1) D:7
   Lair: D:8-11         Orc: D:9-12

Altars:
Ashenzari
Dithmenos
Elyvilon
Gozag
Hepliaklqana
Kikubaaqudgha
Makhleb
Nemelex Xobeh
Okawaru
Qazlal
Ru
Sif Muna
Trog
Uskayaw
Vehumet
Xom
Yredelemnul
Zin
The Shining One
Beogh

Annotations:
D:7 3 runed translucent doors, Jaiteiro's ghost, novice CeHu


Message History

Your fulminant prism crackles loudly.
You block the yak's attack.
The worker ant bites you but does no damage.
Your fulminant prism explodes!
The blast of energy engulfs the worker ant!
You kill the worker ant!
Vehumet accepts your kill.
The blast of energy engulfs the two-headed ogre!!
The two-headed ogre is almost dead.
Unknown command.
The yak gores you. The yak misses you.
You see here a poisoned dart.
You hit the adder.
The adder is lightly wounded.
You hit the yak. x2; You barely miss the two-headed ogre.
The adder bites you. You block the yak's attack. The yak gores you!
The adder closely misses you. You block the yak's attack.
The two-headed ogre hits you with a +0 giant club!!
The two-headed ogre hits you with a +0 giant spiked club!!
You die...

.....#.###....## #......
......#.......## .## #......
#...#....#...##..# ..##......
####........#..##.%.###..# #.....
#.###....................# #...)<
...###................#..###...%#
##.###..................###.....#
##.......................#....###
#.........<.[.S@O......##..%##
###............YY.†......÷÷...#
####.....................<÷...##
..##....................#......#
...#.............#.........#...#
....?.........)...##......##...#
..#...)......##...............##
..#.........###..##...###....##
..$..........##..##.....##..##


You could see a two-headed ogre, 2 yaks and an adder.

Vanquished Creatures
  A two-headed ogre (D:8)
  3 hippogriffs
  3 yaks (D:9)
  A steam dragon (D:8)
  4 orc warriors
  2 water moccasins
  4 sky beasts
  2 phantoms
  5 ogres
  2 centaurs (D:7)
  8 bullfrogs
  2 gnoll sergeants (D:7)
  2 scorpions
  4 killer bees (D:7)
  5 electric eels (D:7)
  2 centaur zombies
  A bullfrog zombie (D:6)
  3 crimson imps
  2 quasits (D:7)
  7 hounds
  3 jellies
  10 orc priests
  3 centaur skeletons
  2 gnoll shamans (D:7)
  7 orc wizards
  A bullfrog skeleton (D:4)
  2 iguanas
  8 worker ants
  10 adders
  11 gnolls
  An ooze (D:2)
  3 adder skeletons
  3 worms (D:3)
  2 dart slugs
  2 leopard geckos (D:3)
  28 orcs
  8 giant cockroaches
  13 hobgoblins
  10 jackals
  8 quokkas
  4 ball pythons
  4 frilled lizards
  9 goblins
  16 kobolds
  A leopard gecko skeleton (D:4)
  3 quokka skeletons
  4 rats
239 creatures vanquished.

Vanquished Creatures (others)
  34 fulminant prisms
34 creatures vanquished.

Grand Total: 273 creatures vanquished

Notes
Turn   | Place    | Note
-------+----------+-------------------------------------------
     0 | D:1      | Luthien the Deep Elf Conjurer began the quest for the Orb.
     0 | D:1      | Reached XP level 1. HP: 10/10 MP: 6/6
   626 | D:1      | Reached XP level 2. HP: 15/15 MP: 6/8
   630 | D:1      | Learned a level 2 spell: Searing Ray
  1372 | D:2      | Reached XP level 3. HP: 19/19 MP: 8/10
  1394 | D:2      | Found a shattered altar of Ashenzari.
  1610 | D:2      | Reached XP level 4. HP: 24/24 MP: 1/11
  1720 | D:2      | Found a faded altar of an unknown god.
  2355 | D:3      | Learned a level 4 spell: Fulminant Prism
  2864 | D:3      | Reached skill level 1 in Fighting
  2946 | D:3      | Reached skill level 1 in Shields
  2956 | D:3      | Reached skill level 5 in Conjurations
  2956 | D:3      | Reached XP level 5. HP: 29/29 MP: 2/13
  4342 | D:4      | Reached XP level 6. HP: 32/34 MP: 3/14
  4422 | D:4      | Noticed a sky beast
  4429 | D:4      | Killed a sky beast
  4949 | D:4      | Reached skill level 5 in Spellcasting
  5069 | D:5      | Entered Level 5 of the Dungeon
  5399 | D:5      | Reached XP level 7. HP: 40/40 MP: 10/16
  5545 | D:5      | Reached skill level 5 in Stealth
  5646 | D:5      | Learned a level 4 spell: Iskenderun's Mystic Blast
  6626 | D:5      | Found a glowing silver altar of Zin.
  6642 | D:6      | Reached skill level 1 in Hexes
  6827 | D:6      | Reached skill level 1 in Translocations
  6935 | D:6      | Reached XP level 8. HP: 45/45 MP: 15/19
  7148 | D:6      | Learned a level 3 spell: Ozocubu's Armour
  7196 | D:6      | You fall into a shaft and drop 3 floors!
  7205 | D:9      | Reached skill level 1 in Charms
  7723 | D:7      | Reached skill level 5 in Hexes
  8178 | D:6      | Reached XP level 9. HP: 51/51 MP: 13/21
  9702 | D:7      | Found a runed translucent gate.
  9709 | D:7      | Noticed Jaiteiro's ghost (novice CeHu)
  9732 | D:7      | Reached skill level 5 in Charms
  9821 | D:7      | Found a runed translucent gate.
  9821 | D:7      | Found a runed translucent gate.
  9827 | D:7      | Identified the +7 broad axe of Vigafyeg {freeze, rElec rC-
                  | Int+9}
  9827 | D:7      | Identified the cursed +1 plate armour of Noizuz {Int+4
                  | Dex+5}
  9853 | D:7      | Found a staircase to the Ecumenical Temple.
  9863 | Temple   | Entered the Ecumenical Temple
  9932 | Temple   | Became a worshipper of Vehumet
 10564 | D:7      | Reached * piety under Vehumet
 10564 | D:7      | Offered knowledge of Shock by Vehumet.
 10859 | D:7      | Reached XP level 10. HP: 48/58 MP: 18/24
 11433 | D:7      | Found a roughly hewn altar of Beogh.
 11627 | D:8      | Noticed a two-headed ogre
 11632 | D:8      | Killed a two-headed ogre
 11632 | D:8      | Reached skill level 5 in Fighting
 13064 | D:9      | Noticed a two-headed ogre
 13216 | D:9      | Offered knowledge of Foxfire by Vehumet.
 13219 | D:9      | Learned a level 1 spell: Foxfire
 13258 | D:9      | Reached ** piety under Vehumet
 13258 | D:9      | Reached skill level 1 in Fire Magic
 13376 | D:9      | Slain by a two-headed ogre

Illustrated notes

Levels and vault maps discovered:
D:1:      eino_arrival_water_cross, layout_basic
D:2:      cheibrodos_pilgrimage, layout_loops_ring,
          chequers_ecumenical_altar_simple_redux, nicolae_ashenzari_panopticon
D:3:      layout_loops_corners, chequers_serial_rivers_micro_d,
          wander_ebering_terrifying_dragon_lair
D:4:      layout_rooms, first_ration, minmay_fractal_squares_gapless_5
D:5:      layout_layer_cave, kennysheep_mini_moat
D:6:      layout_rooms, serial_glass, glass_columns_a, glass_columns_a,
          glass_columns_a, glass_columns_c
D:7:      kennysheep_housing_project, layout_cave_pools,
          minmay_temple_entry_junction, biasface_ghost_orc_armoury,
          kennysheep_boxes
D:8:      layout_basic
D:9:      layout_cave_pools
Temple:   kilobyte_greek_temple

Skill      XL: |  1  2  3  4  5  6  7  8  9 10 |
---------------+-------------------------------+-----
Stealth        | 3 4 5 |  5.0
Dodging        | 3 4 |  4.0
Spellcasting   | 4 5 6 8 9 |  9.9
Fighting       | 1 2 3 4 5 |  5.8
Shields        | 1 2 3 4 |  4.0
Conjurations   | 5 6 8 9 |  9.1
Hexes          | 2 5 6 |  6.0
Translocations | 1 2 4 |  4.0
Charms         | 3 6 7 |  7.0
Fire Magic     | 1 |  1.4

Action                   |  1- 3 |  4- 6 |  7- 9 | 10-12 || total
-------------------------+-------+-------+-------+-------++-------
Melee: Hand axe          |       |       |       |     2 ||     2
Throw: Dart              |       |       |       |     1 ||     1
 Cast: Magic Dart        |    43 |    99 |   152 |    43 ||   337
       Searing Ray       |     7 |    28 |    81 |    21 ||   137
       Fulminant Prism   |       |       |    12 |    22 ||    34
  Use: Potion            |       |       |     1 |       ||     1
  Eat: Chunk             |     2 |    12 |    17 |     5 ||    36
       Ration            |       |       |       |     1 ||     1
Armor: Leather armour    |       |       |    17 |     2 ||    19
Dodge: Dodged            |     2 |     9 |    45 |    11 ||    67
Block: Other             |       |       |    15 |       ||    15
       Reflection        |       |       |     4 |     4 ||     8
       Buckler           |       |       |       |    16 ||    16
